 Dungeon Crawl Stone Soup version 0.31-a0-986-g5e6e4ef867 (webtiles) character file.

Game seed: 14446510130000109626

422 mightbedylan the Trooper (level 6, -3/68 HPs)
             Began as an Ogre Berserker on Nov 5, 2023.
             Was a Believer of Trog.
             Slain by an ogre
             ... wielding a +0 giant club
              (25 damage)
             ... on level 5 of the Dungeon on Nov 6, 2023.
             The game lasted 00:19:18 (3945 turns).

mightbedylan the Trooper (Ogre Berserker)           Turns: 3945, Time: 00:19:18

Health: -3/68      AC:  4    Str: 24    XL:     6   Next: 95%
Magic:  6/6        EV: 10    Int:  8    God:    Trog [**....]
Gold:   308        SH:  0    Dex:  8    Spells: 5/5 levels left

rFire   . . .        j - +1 mace (heavy)
rCold   . . .        (no shield)
rNeg    . . .        b - +0 animal skin
rPois   .            (helmet restricted)
rElec   .            m - +0 cloak
rCorr   .            (gloves unavailable)
SInv    .            (boots unavailable)
Will    +++..        (no amulet)
Stlth   +            h - ring of flight
HPRegen 1.31/turn    q - ring of willpower
MPRegen 0.10/turn

%: no passive effects
@: strong-willed, on berserk cooldown, flying, regenerating, slowed, very slow
A: large, unfitting armour, tough skin 1
a: Renounce Religion, Berserk, Trog's Hand


You were on level 5 of the Dungeon.
You worshipped Trog.
Trog was pleased with you.
You visited 1 branch of the dungeon, and saw 5 of its levels.

You collected 308 gold pieces.

Inventory:

Hand Weapons
 a - a +0 hand axe
 j - a +1 heavy mace (weapon)
Armour
 b - a +0 animal skin (worn)
 l - a +0 chain mail
 m - a +0 cloak (worn)
Jewellery
 h - a ring of flight (left hand)
 q - a ring of willpower (right hand)
 r - a +6 ring of intelligence
Scrolls
 c - a scroll of noise {unknown}
 e - 3 scrolls of identify {unknown}
 g - a scroll of immolation {unknown}
 i - 2 scrolls of revelation {unknown}
 n - a scroll of fear {unknown}
 o - a scroll of teleportation {unknown}
Potions
 d - 4 potions of lignification {unknown}
 f - 3 potions of heal wounds
 k - a potion of degeneration {unknown}
 p - a potion of haste {unknown}


   Skills:
 * Level 6.6 Fighting
 - Level 3.8(4.3) Axes
 * Level 2.6(3.4) Maces & Flails
 + Level 1.4 Armour
 + Level 4.0 Dodging


You had 5 spell levels left.
You didn't know any spells.
Your spell library was empty.

Dungeon Overview and Level Annotations

Branches:
Dungeon (5/15)
 Temple: D:4-7

Altars:
Dithmenos
Elyvilon
Zin
The Shining One

Shops:
D:3 [


Innate Abilities, Weirdness & Mutations

You are too large for most types of armour.
You have tough skin. (AC +1)


Message History

Beogh smites you! The orc misses you.
You barely miss the orc priest.
The orc priest looks braver for a moment.
The orc hits you but does no damage.
You sock the orc priest! Your punch misses the orc priest.
The orc priest is severely wounded.
You are no longer berserk.
You are exhausted.
You feel yourself slow down. The ogre hits you with a +0 giant club!
The orc priest barely misses you. The orc hits you with a +0 club.
You sock the orc priest!
You kill the orc priest!
Trog accepts your kill. The orc barely misses you.
The ogre hits you with a +0 giant club!!
* * * LOW HITPOINT WARNING * * *
The orc hits you with a +0 club.
* * * LOW HITPOINT WARNING * * *
The ogre closely misses you. The orc closely misses you.
Your Dodging skill increases to level 4!
The orc attacks as it pursues you! The orc hits you with a +0 club.
* * * LOW HITPOINT WARNING * * *
The orc closely misses you.
Your skin crawls.
You feel strong-willed.
A hound comes into view.
The ogre hits you with a +0 giant club!
* * * LOW HITPOINT WARNING * * *
The orc misses you.
The hound moves out of view.
It was a potion of heal wounds.
You feel much better. The ogre hits you with a +0 giant club!
The orc barely misses you. The orc misses you.
You're still recovering from your berserk rage.
The hound barks!
You sock the ogre!
The ogre is heavily wounded.
You hear an angry hiss.
The ogre hits you with a +0 giant club. The orc barely misses you.
The ogre hits you with a +0 giant club!!
You die...

#.##.........
###...........#
..............#
............#
########......!.....
.......#.#..........
.........#..))......
.......##(.Oo#
#......#..h@##
##..........#
)........##.#
.....###.##.###
.#....##.##.<.##
..............#
............#...#
##.####.....###....
.. #.....# ...


You could see an ogre, a hound and an orc.

Vanquished Creatures
  A scorpion (D:4)
  2 orc priests
  An iguana (D:4)
  2 orc wizards
  Natasha (thrice) (D:4)
  5 adders
  2 worms (D:2)
  5 dart slugs
  12 orcs
  12 ball pythons
  9 bats
  7 endoplasms
  4 giant cockroaches
  5 goblins
  6 hobgoblins
  A jackal (D:2)
  2 quokkas
  7 kobolds
  8 rats
94 creatures vanquished.

Notes
Turn   | Place    | Note
-------+----------+-------------------------------------------
     0 | D:1      | mightbedylan the Ogre Berserker began the quest for the
                  | Orb.
     0 | D:1      | Reached XP level 1. HP: 24/24 MP: 1/1
   327 | D:1      | Reached XP level 2. HP: 32/32 MP: 2/2
   926 | D:2      | Reached XP level 3. HP: 34/40 MP: 3/3
  1200 | D:2      | Reached XP level 4. HP: 49/49 MP: 4/4
  1201 | D:2      | Reached skill level 5 in Fighting
  1473 | D:2      | Reached ** piety under Trog
  2172 | D:3      | Found Binkenuc's Antique Armour Shop.
  2312 | D:3      | Reached XP level 5. HP: 52/57 MP: 5/5
  2383 | D:3      | Reached skill level 1 in Maces & Flails
  2775 | D:4      | Reached skill level 6 in Fighting
  2776 | D:4      | Reached XP level 6. HP: 49/67 MP: 6/6
  2826 | D:4      | Noticed Natasha
  2835 | D:4      | Killed Natasha
  2836 | D:4      | Reached skill level 1 in Armour
  3088 | D:4      | Found a shadowy altar of Dithmenos.
  3220 | D:4      | Noticed Natasha
  3229 | D:4      | Killed Natasha
  3331 | D:4      | Identified the +4 rapier "Bydgh" {pain, rCorr Dex+3}
  3352 | D:4      | Found a glowing golden altar of the Shining One.
  3352 | D:4      | Found a white marble altar of Elyvilon.
  3352 | D:4      | Found a glowing silver altar of Zin.
  3878 | D:4      | Noticed Natasha
  3884 | D:4      | Killed Natasha
  3919 | D:5      | Entered Level 5 of the Dungeon
  3945 | D:5      | Slain by an ogre

Illustrated notes

Levels and vault maps discovered:
D:1:      scummos_arrival_simple_fountains, layout_basic, serial_rivers,
          chequers_serial_rivers_micro_d, chequers_serial_rivers_small_3,
          chequers_serial_rivers_room_b, chequers_serial_rivers_small_3,
          chequers_serial_rivers_large_a, chequers_serial_rivers_micro_d,
          minmay_misc_feat_tower, minmay_gold_behind_fungi, serial_park_tiny_1
D:2:      layout_basic, minmay_fractal_squares_5
D:3:      layout_loops_cross, serial_shops, shop
D:4:      layout_cave_pods, dreamdust_divine_triumvirate,
          mainiacjoe_overflow_small_starburst, uniq_natasha
D:5:      layout_rooms, old_standard_altar, kennysheep_mini,
          nicolae_overflow_hidden_temple, minmay_temple_entry_glassed_door

Skill      XL: |  1  2  3  4  5  6 |
---------------+-------------------+-----
Dodging        | 3 4 |  4.0
Fighting       | 5 6 |  6.6
Maces & Flails | 1 2 |  2.6
Armour         | 1 |  1.4
Axes           | |  3.8

Action                     |  1- 3 |  4- 6 || total
---------------------------+-------+-------++-------
  Melee: Hand axe          |    81 |       ||    81
         Punch             |     1 |     1 ||     2
         Mace              |     7 |   152 ||   159
 Invoke: Berserk           |     4 |     4 ||     8
         Trog's Hand       |       |     2 ||     2
    Use: Potion            |       |     1 ||     1
   Stab: Distracted        |     1 |       ||     1
 Armour: Animal skin       |    87 |   163 ||   250
  Dodge: Dodged            |    67 |   125 ||   192

Table legend: (Time is in decaauts)
 A = Elapsed time spent in this place.
 B = Non-inter-level travel time spent in this place.
 C = Inter-level travel time spent in this place.
 D = Time resting spent in this place.
 E = Time spent auto-exploring this place.
 F = Levels seen in this place.
 G = Mean time per level.
                   A        B        C        D        E       F      G
               +--------+--------+--------+--------+--------+-----+--------+
         Total |   4153 |   4063 |     90 |    196 |   3066 |   5 |  830.6 |
       Dungeon |   4153 |   4063 |     90 |    196 |   3066 |   5 |  830.6 |
               +--------+--------+--------+--------+--------+-----+--------+

Top non-repeatable levels by time:
     D:4: 1280 daAuts
     D:2: 1106 daAuts
     D:1: 942 daAuts
     D:3: 794 daAuts
     D:5: 29 daAuts
